3L
KINGSTON TOWNSHIP LEGION 9 @ OAKLAND OAKS
06/25/2019
 
TOP OF THE 1ST
Kingston Township Legion 9 batting - Pitching for Oakland Oaks : LHP Ronald Harmon
Pitching: LHP Ronald Harmon
Batting: RHB António Varela 0-0: Foul Ball, location: 2F
0-1: Ball
1-1: Ball
2-1: Ball
3-1: Base on Balls
Batting: RHB Chet Nix 0-0: Ball
Wild Pitch!
António Varela to second
1-0: Called Strike
1-1: Fly out, F4 (Popup, 4MD)
Batting: LHB Clay Rush 0-0: Called Strike
0-1: Swinging Strike
0-2: Ball
1-2: SINGLE (Line Drive, 9LS)
António Varela to third
Runner from 3rd tries for Home, throw and OUT!
Batting: LHB Gonzalo López 0-0: Ball
1-0: Fly out, F8 (Flyball, 8RD)
Top of the 1st over - 0 run(s), 1 hit(s), 0 error(s), 1 left on base; Kingston Township 0 - Oakland 0
BOTTOM OF THE 1ST
Oakland Oaks batting - Pitching for Kingston Township Legion 9 : RHP Bruce Hamilton
Pitching: RHP Bruce Hamilton
Batting: SHB Ramiro Salazar 0-0: Ground out 4-3 (Groundball, 34)
Batting: LHB Félix Pérez 0-0: Called Strike
0-1: Ball
1-1: Called Strike
1-2: Ball
2-2: Ball
3-2: Strikes out swinging
Batting: RHB Alden Wiley 0-0: Called Strike
0-1: Foul Ball, location: 2F
0-2: Ball
1-2: Foul Ball, location: 2F
1-2: Foul Ball, location: 2F
1-2: Ball
2-2: SINGLE (Groundball, 5D)
Batting: RHB Aurelio Vázquez 0-0: Ball
1-0: Ball
2-0: Ball
3-0: Called Strike
3-1: Base on Balls
Alden Wiley to second
Batting: LHB Maxwell Ings 0-0: Ball
1-0: Called Strike
1-1: Ball
2-1: Ball
3-1: Base on Balls
Alden Wiley to third
Aurelio Vázquez to second
Batting: LHB Monte Pollard 0-0: Ground out 6-3 (Groundball, 6)
Bottom of the 1st over - 0 run(s), 1 hit(s), 0 error(s), 3 left on base; Kingston Township 0 - Oakland 0
TOP OF THE 2ND
Kingston Township Legion 9 batting - Pitching for Oakland Oaks : LHP Ronald Harmon
Batting: RHB Akihiko Oike 0-0: Ball
1-0: Ball
2-0: Foul Ball, location: 2F
2-1: Ball
3-1: Ground out 1-3 (Groundball, 15S)
Batting: LHB John Holbrook 0-0: Ball
1-0: SOLO HOME RUN (Flyball, 9LD), Distance : 348 ft
Batting: RHB Juan López 0-0: Ball
1-0: Foul Ball, location: 2F
1-1: Ball
2-1: Foul Ball, location: 2F
2-2: SINGLE (Line Drive, 89S)
Batting: RHB Cecil Cole 0-0: Called Strike
0-1: Foul Ball, location: 2F
0-2: Strikes out swinging
Batting: LHB Bruce Hamilton 0-0: Called Strike
0-1: Ball
1-1: SINGLE (Groundball, 4MD)
Juan López to second
Batting: RHB António Varela 0-0: Ball
1-0: Fielders Choice at 2nd, 6-4 (Groundball, 6)
Top of the 2nd over - 1 run(s), 3 hit(s), 0 error(s), 1 left on base; Kingston Township 1 - Oakland 0
BOTTOM OF THE 2ND
Oakland Oaks batting - Pitching for Kingston Township Legion 9 : RHP Bruce Hamilton
Batting: RHB Chandler Bailey 0-0: SINGLE (Line Drive, 9S)
Batting: LHB Ronald Harmon 0-0: Ball
1-0: Sac Bunt - play at first, batter OUT! 1-4
Chandler Bailey to second
Batting: RHB Dave Henderson 0-0: Ball
1-0: Foul Ball, location: 2F
1-1: TRIPLE (Line Drive, 7LM)
Chandler Bailey scores
Batting: SHB Ramiro Salazar 0-0: Called Strike
0-1: Ball
1-1: Foul Ball, location: 2F
1-2: Foul Ball, location: 2F
1-2: Ball
2-2: Ball
3-2: Foul Ball, location: 2F
3-2: Foul Ball, location: 2F
3-2: Fly out, F6 (Popup, 56)
Batting: LHB Félix Pérez 0-0: Foul Ball, location: 2F
0-1: Foul Ball, location: 2F
0-2: Foul Ball, location: 2F
0-2: DOUBLE (Flyball, 7D)
Dave Henderson scores
Batting: RHB Alden Wiley 0-0: Foul Ball, location: 2F
0-1: Ground out 6-3 (Groundball, 6M)
Bottom of the 2nd over - 2 run(s), 3 hit(s), 0 error(s), 1 left on base; Kingston Township 1 - Oakland 2
TOP OF THE 3RD
Kingston Township Legion 9 batting - Pitching for Oakland Oaks : LHP Ronald Harmon
Batting: RHB Chet Nix 0-0: Ball
1-0: Swinging Strike
1-1: SOLO HOME RUN (Line Drive, 78XD), Distance : 431 ft
Batting: LHB Clay Rush 0-0: Ball
1-0: Ball
2-0: Ball
3-0: Called Strike
3-1: Foul Ball, location: 2F
3-2: Base on Balls
Batting: LHB Gonzalo López 0-0: Called Strike
0-1: Fielders Choice at 2nd, 4-6 (Groundball, 4)
Batting: RHB Akihiko Oike 0-0: Called Strike
0-1: Called Strike
0-2: Ball
1-2: Ball
2-2: Strikes out looking
Batting: LHB John Holbrook 0-0: Called Strike
Gonzalo López is caught stealing 2nd base
Top of the 3rd over - 1 run(s), 1 hit(s), 0 error(s), 0 left on base; Kingston Township 2 - Oakland 2
BOTTOM OF THE 3RD
Oakland Oaks batting - Pitching for Kingston Township Legion 9 : RHP Bruce Hamilton
Batting: RHB Aurelio Vázquez 0-0: Called Strike
0-1: Called Strike
0-2: Foul Ball, location: 2F
0-2: Ball
1-2: SINGLE (Line Drive, 5D)
Batting: LHB Maxwell Ings 0-0: Ball
1-0: Grounds into double play, 4-6-3 (Groundball, 4D)
Batting: LHB Monte Pollard 0-0: Foul Ball, location: 2F
0-1: Ball
1-1: Ground out 3-1 (Groundball, 34)
Bottom of the 3rd over - 0 run(s), 1 hit(s), 0 error(s), 0 left on base; Kingston Township 2 - Oakland 2
TOP OF THE 4TH
Kingston Township Legion 9 batting - Pitching for Oakland Oaks : LHP Ronald Harmon
Batting: LHB John Holbrook 0-0: Fly out, F9 (Flyball, 9M)
Batting: RHB Juan López 0-0: Ball
1-0: Ball
2-0: Called Strike
2-1: Ground out 5-3 (Groundball, 56)
Batting: RHB Cecil Cole 0-0: Ball
1-0: Foul Ball, location: 2F
1-1: Ball
2-1: Ball
3-1: Ground out U3 (Groundball, 3L)
Top of the 4th over - 0 run(s), 0 hit(s), 0 error(s), 0 left on base; Kingston Township 2 - Oakland 2
BOTTOM OF THE 4TH
Oakland Oaks batting - Pitching for Kingston Township Legion 9 : RHP Bruce Hamilton
Batting: RHB Chandler Bailey 0-0: Ball
1-0: Ball
2-0: Called Strike
2-1: Foul Ball, location: 2F
2-2: Ball
3-2: Ground out 6-3 (Groundball, 6)
Batting: LHB Ronald Harmon 0-0: Ground out 5-3 (Groundball, 56)
Batting: RHB Dave Henderson 0-0: Called Strike
0-1: Ball
1-1: Ball
2-1: DOUBLE (Line Drive, 7LM)
Batting: SHB Ramiro Salazar 0-0: Intentional Walk
Batting: LHB Félix Pérez 0-0: Called Strike
0-1: Ball
1-1: Foul Ball, location: 2F
1-2: Strikes out swinging
Bottom of the 4th over - 0 run(s), 1 hit(s), 0 error(s), 2 left on base; Kingston Township 2 - Oakland 2
TOP OF THE 5TH
Kingston Township Legion 9 batting - Pitching for Oakland Oaks : LHP Ronald Harmon
Batting: LHB Bruce Hamilton 0-0: Called Strike
0-1: Ball
1-1: Foul Ball, location: 2F
1-2: Strikes out swinging
Batting: RHB António Varela 0-0: DOUBLE (Flyball, 8LXD)
Batting: RHB Chet Nix 0-0: Ball
1-0: Ball
2-0: Fly out, F2 (Popup, 2RF)
Batting: LHB Clay Rush 0-0: Ground out 4-3 (Groundball, 4)
Top of the 5th over - 0 run(s), 1 hit(s), 0 error(s), 1 left on base; Kingston Township 2 - Oakland 2
BOTTOM OF THE 5TH
Oakland Oaks batting - Pitching for Kingston Township Legion 9 : RHP Bruce Hamilton
Batting: RHB Alden Wiley 0-0: Ball
1-0: Fly out, F7 (Flyball, 78S)
Batting: RHB Aurelio Vázquez 0-0: Called Strike
0-1: Ball
1-1: Ball
2-1: Foul Ball, location: 2F
2-2: Strikes out looking
Batting: LHB Maxwell Ings 0-0: Ball
1-0: Swinging Strike
1-1: Ball
2-1: Ball
3-1: Base on Balls
Batting: LHB Monte Pollard 0-0: Called Strike
0-1: Ball
1-1: Ball
2-1: Called Strike
2-2: Strikes out swinging
Bottom of the 5th over - 0 run(s), 0 hit(s), 0 error(s), 1 left on base; Kingston Township 2 - Oakland 2
TOP OF THE 6TH
Kingston Township Legion 9 batting - Pitching for Oakland Oaks : LHP Ronald Harmon
Batting: LHB Gonzalo López 0-0: Foul Ball, location: 2F
0-1: Foul Ball, location: 2F
0-2: Ball
1-2: Ball
2-2: Ground out 4-3 (Groundball, 4)
Batting: RHB Akihiko Oike 0-0: Foul Ball, location: 2F
0-1: Ball
1-1: Ball
2-1: Ball
3-1: Foul Ball, location: 2F
3-2: Base on Balls
Batting: LHB John Holbrook 0-0: Ball
1-0: Ball
2-0: Called Strike
2-1: Foul Ball, location: 2F
2-2: SINGLE (Groundball, 6MD)
Akihiko Oike to second
Batting: RHB Juan López 0-0: Ball
1-0: SINGLE (Groundball, 6MD)
Akihiko Oike to third
John Holbrook to second
Runner from 3rd tries for Home, SAFE, no throw or cutoff
Batting: RHB Cecil Cole 0-0: Ball
1-0: Swinging Strike
1-1: Ball
2-1: SINGLE (Line Drive, 4M)
John Holbrook to third
Juan López to second
Batting: LHB Bruce Hamilton 0-0: Grounds into double play, 4-6-3 (Groundball, 34)
Top of the 6th over - 1 run(s), 3 hit(s), 0 error(s), 2 left on base; Kingston Township 3 - Oakland 2
BOTTOM OF THE 6TH
Oakland Oaks batting - Pitching for Kingston Township Legion 9 : RHP Bruce Hamilton
Batting: RHB Chandler Bailey 0-0: Ground out 1-3 (Groundball, 13S)
Pitching: RHP Jeff Wright
Batting: LHB Ronald Harmon 0-0: Ball
1-0: Ground out 5-3 (Groundball, 5S)
Batting: RHB Dave Henderson 0-0: Fly out, F5 (Popup, 5F)
Bottom of the 6th over - 0 run(s), 0 hit(s), 0 error(s), 0 left on base; Kingston Township 3 - Oakland 2
TOP OF THE 7TH
Kingston Township Legion 9 batting - Pitching for Oakland Oaks : LHP Ronald Harmon
Batting: RHB António Varela 0-0: Called Strike
0-1: Foul Ball, location: 2F
0-2: Ball
1-2: Ball
2-2: Strikes out swinging
Batting: RHB Chet Nix 0-0: Foul Ball, location: 2F
0-1: Called Strike
0-2: Ball
1-2: Ball
2-2: Strikes out swinging
Batting: LHB Clay Rush 0-0: Ball
1-0: Called Strike
1-1: Ball
2-1: Ground out 6-3 (Groundball, 6M)
Top of the 7th over - 0 run(s), 0 hit(s), 0 error(s), 0 left on base; Kingston Township 3 - Oakland 2
BOTTOM OF THE 7TH
Oakland Oaks batting - Pitching for Kingston Township Legion 9 : RHP Jeff Wright
Batting: SHB Ramiro Salazar 0-0: Foul Ball, location: 2F
0-1: Ball
1-1: Ball
2-1: Called Strike
2-2: Strikes out swinging
Batting: LHB Félix Pérez 0-0: Called Strike
0-1: Ball
1-1: SINGLE (Flyball, 78S)
Batting: RHB Alden Wiley 0-0: Ball
1-0: Called Strike
1-1: Ground out 5-3 (Groundball, 56S)
Félix Pérez to second
Batting: RHB Aurelio Vázquez 0-0: Called Strike
0-1: Ball
1-1: Ball
2-1: Foul Ball, location: 2F
2-2: Ball
3-2: Foul Ball, location: 2F
3-2: Base on Balls
Batting: LHB Maxwell Ings 0-0: Called Strike
0-1: Foul Ball, location: 2F
0-2: Fielders Choice at 2nd, U6 (Groundball, 6M)
Bottom of the 7th over - 0 run(s), 1 hit(s), 0 error(s), 2 left on base; Kingston Township 3 - Oakland 2
TOP OF THE 8TH
Kingston Township Legion 9 batting - Pitching for Oakland Oaks : LHP Ronald Harmon
Batting: LHB Gonzalo López 0-0: Ball
1-0: Ball
2-0: Ball
3-0: Called Strike
3-1: Called Strike
3-2: Base on Balls
Batting: RHB Akihiko Oike 0-0: Ball
1-0: SINGLE (Groundball, 56D)
Gonzalo López to second
Batting: LHB John Holbrook 0-0: Ball
1-0: Grounds into double play, 6-4-3 (Groundball, 6)
Gonzalo López to third
Batting: RHB Juan López 0-0: Fly out, F7 (Flyball, 78D)
Top of the 8th over - 0 run(s), 1 hit(s), 0 error(s), 1 left on base; Kingston Township 3 - Oakland 2
BOTTOM OF THE 8TH
Oakland Oaks batting - Pitching for Kingston Township Legion 9 : RHP Jeff Wright
Batting: LHB Monte Pollard 0-0: Foul Ball, location: 2F
0-1: Ball
1-1: Foul Ball, location: 2F
1-2: Foul Ball, location: 2F
1-2: Strikes out swinging
Pitching: RHP Iván Morán
Now in RF: Marcos Zúńiga
Batting: RHB Chandler Bailey 0-0: Ball
1-0: DOUBLE (Flyball, 78D)
Pitching: RHP Jorge Beltrán
Pinch Hitting: RHB Wilber Moon 0-0: Ball
1-0: Ball
2-0: Foul Ball, location: 2F
2-1: Ball
3-1: Called Strike
3-2: Foul Ball, location: 2F
3-2: Foul Ball, location: 2F
3-2: Base on Balls
Pitching: RHP José Salinas
Batting: RHB Dave Henderson 0-0: Foul Ball, location: 2F
0-1: Ball
Wild Pitch!
Chandler Bailey to third
Wilber Moon to second
1-1: Foul Ball, location: 2F
1-2: Ground out 4-3 (Groundball, 13)
Batting: SHB Ramiro Salazar 0-0: Ball
1-0: Foul Ball, location: 2F
1-1: Foul Ball, location: 2F
1-2: Foul Ball, location: 2F
1-2: Ball
2-2: Ball
3-2: Base on Balls
Batting: LHB Félix Pérez 0-0: SINGLE (Groundball, 34D)
Chandler Bailey scores
Wilber Moon to third
Ramiro Salazar to second
Runner from 3rd tries for Home, SAFE, no throw or cutoff
Batting: RHB Alden Wiley 0-0: Ball
1-0: Ball
2-0: Ball
3-0: Base on Balls
Ramiro Salazar to third
Félix Pérez to second
Batting: RHB Aurelio Vázquez 0-0: SINGLE (Line Drive, 89M)
Ramiro Salazar scores
Félix Pérez to third
Alden Wiley to second
Runner from 3rd tries for Home, SAFE, no throw or cutoff
Pitching: LHP Kamal Bataille
Batting: LHB Maxwell Ings 0-0: Fly out, F1 (Popup, 15S)
Bottom of the 8th over - 4 run(s), 3 hit(s), 0 error(s), 2 left on base; Kingston Township 3 - Oakland 6
TOP OF THE 9TH
Kingston Township Legion 9 batting - Pitching for Oakland Oaks : LHP Ronald Harmon
Pitching: RHP Dick Rasmussen
Now in RF: Eric Murti
Batting: RHB Cecil Cole 0-0: Ball
1-0: Called Strike
1-1: Ball
2-1: Fly out, F8 (Flyball, 8LD)
Batting: LHB Marcos Zúńiga 0-0: Ball
1-0: Ball
2-0: Ball
3-0: Called Strike
3-1: Foul Ball, location: 2F
3-2: Foul Ball, location: 2F
3-2: DOUBLE (Line Drive, 8LM)
Batting: RHB António Varela 0-0: Ball
1-0: Foul Ball, location: 2F
1-1: Fly out, F8 (Flyball, 78XD)
Runner from 2nd tags up, SAFE at 3rd, no throw
Batting: RHB Chet Nix 0-0: Ball
1-0: Swinging Strike
1-1: Foul Ball, location: 2F
1-2: Foul Ball, location: 2F
1-2: Ball
2-2: Strikes out swinging
Top of the 9th over - 0 run(s), 1 hit(s), 0 error(s), 1 left on base; Kingston Township 3 - Oakland 6
This league is powered by Out of the Park Baseball, the baseball management simulation game for PC, Mac and Linux
Saturday, July 25th, 2015 - OOTP Baseball 15.6 Build 34